 Dungeon Crawl Stone Soup version 0.17-a0-1632-g0af21bd (console) character file.

63 Monkaria the Ducker (level 3, 0/17 HPs)
             Began as a Felid Berserker on Aug 2, 2015.
             Was a Believer of Trog.
             Slain by a goblin
             ... wielding a +0 club
              (4 damage)
             ... on level 2 of the Dungeon.
             The game lasted 00:01:04 (1704 turns).

Monkaria the Ducker (Felid Berserker)               Turns: 1704, Time: 00:01:04

Health: 0/17       AC:  1    Str: 14    XL:     3   Next: 89%
Magic:  4/4        EV: 21    Int:  8    God:    Trog [**....]
Gold:   73         SH:  0    Dex: 15    Spells: 0 memorised, 2 levels left
                                        Lives:  0   Deaths: 0

rFire  . . .     SeeInvis +       - Unarmed
rCold  . . .     Clarity  .     (armour unavailable)
rNeg   . . .     SustAt   .     (shield unavailable)
rPois  .         Gourm    .     (helmet unavailable)
rElec  .         Spirit   .     (cloak unavailable)
rCorr  .         Warding  .     (gloves unavailable)
rMut   .         Stasis   .     (boots unavailable)
MR     .....                    (no amulet)
Stlth  ++........               (no ring)
                                (no ring)

@: quick, not resistant to hostile enchantments, unstealthy
A: no armour, no weapons or thrown items, claws 1, fangs 3, see invisible,
carnivore 3, speed 1, shaggy fur 1, slow metabolism 1, sharp paws
a: Burn Spellbooks, Berserk, Trog's Hand, Renounce Religion


You were on level 2 of the Dungeon.
You worshipped Trog.
Trog was pleased with you.
You were very full.

You visited 1 branch of the dungeon, and saw 2 of its levels.

You collected 73 gold pieces.

Inventory:

Jewellery
 b - an uncursed amulet of resist mutation {unknown}
Scrolls
 c - a scroll of recharging {unknown}
 d - a scroll of random uselessness {unknown}
 e - 2 scrolls of identify {unknown}
 f - a scroll of remove curse {unknown}
 g - 2 scrolls of fog {unknown}
 h - a scroll of enchant weapon {unknown}
Potions
 i - a potion of brilliance {unknown}
 j - a potion of magic {unknown}
Comestibles
 a - 2 meat rations


   Skills:
 - Level 3.0 Fighting
 + Level 6.4 Dodging
 - Level 3.0 Unarmed Combat


You had 2 spell levels left.
You didn't know any spells.

Dungeon Overview and Level Annotations

Branches:
Dungeon (2/15)

Altars:
Ru


Innate Abilities, Weirdness & Mutations

You cannot wear armour.
You are incapable of wielding weapons or throwing items.
You have sharp claws.
You have razor-sharp teeth.
You have supernaturally acute eyesight.
You are carnivorous and can eat meat at any time.
You cover ground quickly.
You are covered in fur (AC +1).
You have a slow metabolism.
Your sharp claws are effective at attacking unaware monsters.


Message History

No target in view!
No target in view!
Found a sacrificial altar of Ru.
You feel sick.
You now have 73 gold pieces (gained 11).
You start resting.
You feel sick. x3
A goblin comes into view. It is wielding a club.
A goblin is nearby!
The goblin shouts!
You feel sick.
You are no longer poisoned.
You start resting.
A goblin is nearby!
The goblin completely misses you.
You miss the goblin. You miss the goblin. The goblin hits you with a club.
* * * LOW HITPOINT WARNING * * *
You miss the goblin. The goblin hits you with a club.
You die...

#..........(##..#
#.###....######.#
#.# #.#..# #.#
#.#### #.# # . #.#
# ## #.# # # #.#
#. #.#
..#.#.####@#
_.......##g#######
..#.#.#..........#
# ####.#####.# #.#
#.. ##.# .. ###


You could see a goblin.

Vanquished Creatures
  4 adders (D:2)
  5 giant cockroaches
  3 hobgoblins
  3 jackals (D:2)
  2 bats
  3 giant newts
  4 goblins
  3 kobolds
  3 rats (D:1)
30 creatures vanquished.

Notes
Turn   | Place    | Note
--------------------------------------------------------------
     0 | D:1      | Monkaria the Felid Berserker began the quest for the Orb.
     0 | D:1      | Reached XP level 1. HP: 10/10 MP: 2/2
   500 | D:1      | Reached XP level 2. HP: 5/14 MP: 3/3
   960 | D:2      | Reached skill level 5 in Dodging
  1158 | D:2      | Reached XP level 3. HP: 3/17 MP: 4/4
  1547 | D:2      | Acquired Trog's second power
  1575 | D:2      | Reached skill level 6 in Dodging
  1678 | D:2      | Found a sacrificial altar of Ru.
  1704 | D:2      | Slain by a goblin

Vault maps used:
D:1:      noname_arrival_rooms_in_the_neighbourhood, minmay_door_square,
          minivault_11, corner_web_ring
D:2:      minmay_door_path, nicolae_overflow_crystal_walls,
          nicolae_ru_sacrificial_ziggurat

Action                   || total
-------------------------++-------
Melee: Unarmed           ||    80
 Stab: Sleeping          ||     7
  Eat: Chunk             ||     8
